[gd_scene load_steps=8 format=3 uid="uid://c30a61kcm366d"]

[ext_resource type="Script" path="res://src/menu/pause_menu.gd" id="1_focbj"]
[ext_resource type="FontFile" uid="uid://feym52xm2531" path="res://assets/fonts/PPNeueMachina-InktrapUltrabold.otf" id="2_j5vlc"]
[ext_resource type="StyleBox" uid="uid://cy66inymux2fn" path="res://src/themes/start_menu_hover.tres" id="4_558he"]
[ext_resource type="StyleBox" uid="uid://qpdxfp4nao88" path="res://src/themes/start_menu.tres" id="4_pft3r"]

[sub_resource type="StyleBoxEmpty" id="StyleBoxEmpty_ponn4"]

[sub_resource type="StyleBoxEmpty" id="StyleBoxEmpty_kd4e8"]

[sub_resource type="StyleBoxEmpty" id="StyleBoxEmpty_wulix"]

[node name="pause_menu" type="Control"]
process_mode = 3
layout_mode = 3
anchors_preset = 15
anchor_right = 1.0
anchor_bottom = 1.0
grow_horizontal = 2
grow_vertical = 2
script = ExtResource("1_focbj")

[node name="ColorRect" type="ColorRect" parent="."]
layout_mode = 1
anchors_preset = 15
anchor_right = 1.0
anchor_bottom = 1.0
grow_horizontal = 2
grow_vertical = 2
color = Color(0.129412, 0.258824, 0.482353, 0.301961)

[node name="CenterContainer" type="CenterContainer" parent="."]
layout_mode = 1
anchors_preset = 15
anchor_right = 1.0
anchor_bottom = 1.0
grow_horizontal = 2
grow_vertical = 2

[node name="VBoxContainer" type="VBoxContainer" parent="CenterContainer"]
layout_mode = 2

[node name="Label" type="Label" parent="CenterContainer/VBoxContainer"]
layout_mode = 2
theme_override_colors/font_color = Color(0.313726, 0.831373, 1, 1)
theme_override_fonts/font = ExtResource("2_j5vlc")
theme_override_font_sizes/font_size = 42
text = "PAUSED
"
horizontal_alignment = 1
vertical_alignment = 1

[node name="spacer" type="Control" parent="CenterContainer/VBoxContainer"]
custom_minimum_size = Vector2(10, 10)
layout_mode = 2

[node name="UnPauseButton" type="Button" parent="CenterContainer/VBoxContainer"]
layout_mode = 2
theme_override_colors/font_color = Color(0.00392157, 0.490196, 0.611765, 1)
theme_override_fonts/font = ExtResource("2_j5vlc")
theme_override_styles/normal = ExtResource("4_pft3r")
theme_override_styles/hover = ExtResource("4_558he")
theme_override_styles/pressed = ExtResource("4_pft3r")
theme_override_styles/focus = SubResource("StyleBoxEmpty_ponn4")
text = "Resume"

[node name="MenuButton" type="Button" parent="CenterContainer/VBoxContainer"]
layout_mode = 2
size_flags_vertical = 3
theme_override_colors/font_color = Color(0.00392157, 0.490196, 0.611765, 1)
theme_override_fonts/font = ExtResource("2_j5vlc")
theme_override_styles/normal = ExtResource("4_pft3r")
theme_override_styles/hover = ExtResource("4_558he")
theme_override_styles/pressed = ExtResource("4_pft3r")
theme_override_styles/focus = SubResource("StyleBoxEmpty_kd4e8")
text = "Menu"

[node name="QuitButton" type="Button" parent="CenterContainer/VBoxContainer"]
layout_mode = 2
theme_override_colors/font_color = Color(0.00392157, 0.490196, 0.611765, 1)
theme_override_fonts/font = ExtResource("2_j5vlc")
theme_override_styles/normal = ExtResource("4_pft3r")
theme_override_styles/hover = ExtResource("4_558he")
theme_override_styles/pressed = ExtResource("4_pft3r")
theme_override_styles/focus = SubResource("StyleBoxEmpty_wulix")
text = "Quit"

[connection signal="pressed" from="CenterContainer/VBoxContainer/UnPauseButton" to="." method="_on_un_pause_button_pressed"]
[connection signal="pressed" from="CenterContainer/VBoxContainer/MenuButton" to="." method="_on_menu_button_pressed"]
[connection signal="pressed" from="CenterContainer/VBoxContainer/QuitButton" to="." method="_on_quit_button_pressed"]
